 Dungeon Crawl Stone Soup version 0.25.1-2-g60ff931df9 (webtiles) character file.

Game seed: 12986427881466561415

52 HawFromDerth the Ruffian (level 3, -4/28 HPs)
             Began as a Draconian Transmuter on Sept 21, 2020.
             Slain by a gnoll
             ... wielding a +0 club
              (6 damage)
             ... on level 2 of the Dungeon.
             The game lasted 00:07:13 (2484 turns).

HawFromDerth the Ruffian (Draconian Transmuter)     Turns: 2484, Time: 00:07:13

Health: -4/28      AC:  5    Str: 13    XL:     3   Next: 60%
Magic:  5/6        EV: 12    Int: 13    God:
Gold:   54         SH:  0    Dex: 11    Spells: 5/6 levels left

rFire    . . .     SeeInvis .     - Unarmed
rCold    . . .     Gourm    .   (no shield)
rNeg     . . .     Faith    .   (armour unavailable)
rPois    .         Spirit   .   (helmet restricted)
rElec    .         Reflect  .   (no cloak)
rCorr    .         Harm     .   (no gloves)
MR       .....                  (no boots)
Stlth    +.........             (no amulet)
HPRegen  0.09/turn              (no ring)
MPRegen  0.10/turn              (no ring)

@: appendage (expiring)
A: unfitting armour, horns 2, cold-blooded, AC +5
a: End Transformation


You were on level 2 of the Dungeon.
You were not hungry.
You had grown temporary horns.
You visited 1 branch of the dungeon, and saw 3 of its levels.

You collected 54 gold pieces.

Inventory:

Missiles
 a - 103 arrows
Jewellery
 f - an uncursed amulet of magic regeneration
 j - an uncursed ring of positive energy {unknown}
Wands
 e - a wand of acid (13)
Scrolls
 b - a scroll of blinking
 h - a scroll of enchant weapon {unknown}
 i - a scroll of identify
 k - a scroll of remove curse {unknown}
Potions
 d - a potion of curing
Comestibles
 c - 3 rations
 g - a chunk of flesh


   Skills:
 + Level 1.5 Fighting
 + Level 2.0 Dodging
 + Level 3.6 Unarmed Combat
 + Level 2.2 Spellcasting
 * Level 2.9 Transmutations


You had 5 spell levels left.
You knew the following spells:

 Your Spells              Type           Power        Failure   Level  Hunger
a - Beastly Appendage     Tmut           #.....       8%          1    ##.....

Your spell library contained the following spells:

 Spells                   Type           Power        Failure   Level  Hunger
 Sticks to Snakes         Tmut           #.......     12%         2    ###....
 Spider Form              Tmut/Pois      #.........   38%         3    ####...
 Ice Form                 Ice/Tmut       #.......     80%         4    #####..
 Blade Hands              Tmut           #.........   91%         5    ######.


Dungeon Overview and Level Annotations

Branches:
Dungeon (3/15)

Altars:


Innate Abilities, Weirdness & Mutations

Your plain brown scales are hard. (AC +5)
You cannot fit into any form of body armour.
You are cold-blooded and may be slowed by cold attacks.
You have a pair of horns on your head.


Message History

The gnoll hits you with a +0 club.
* * * LOW HITPOINT WARNING * * *
The gnoll hits you with a +0 club.
* * * LOW HITPOINT WARNING * * *
The gnoll misses you. The gnoll barely misses you.
There is a stone staircase leading up here.
The gnoll closely misses you. The gnoll hits you with a +0 club.
* * * LOW HITPOINT WARNING * * *
The gnoll barely misses you.
You climb upwards.
There is a stone staircase leading down here.
You hit the gnoll. Your headbutt misses the gnoll.
Your tail-slap misses the gnoll.
The gnoll is severely wounded.
The gnoll closely misses you. x2
You hit the gnoll. Your headbutt misses the gnoll.
The gnoll is almost dead.
The gnoll hits you with a +0 club.
You die...

#.# #.# #.....##### #.#
#.# #.......... #.# #.#
#.....##### #># #.#
#....## ### #.# #.#
#.#.## #.. #.# #.#
#.#.# #.# #.#
#.###.#.#####.#
#.#######.............#
#....g@g..............#
#########.#####.#####.#
#.# #.#####.# #.#
#.##....# #.# #.......#
#.# #.##....# #.#
#.###.... #.# #.....#..
#.# #####.#..


You could see 2 gnolls.

Vanquished Creatures
  2 worms (D:2)
  2 dart slugs (D:1)
  4 leopard geckos
  A ball python (D:2)
  A giant cockroach (D:1)
  7 goblins
  6 hobgoblins
  4 kobolds (D:1)
  2 bats (D:1)
  A frilled lizard (D:1)
  7 rats
37 creatures vanquished.

Notes
Turn   | Place    | Note
-------+----------+-------------------------------------------
     0 | D:1      | HawFromDerth the Draconian Transmuter began the quest for
                  | the Orb.
     0 | D:1      | Reached XP level 1. HP: 16/16 MP: 3/3
   142 | D:1      | Reached XP level 2. HP: 15/23 MP: 3/5
  1511 | D:2      | Reached XP level 3. HP: 27/28 MP: 4/6
  2484 | D:2      | Slain by a gnoll

Illustrated notes

Levels and vault maps discovered:
D:1:      dpeg_arrival_tiny_g, layout_basic
D:2:      layout_loops_ring, skrybe_limestone_x
D:3:      layout_basic, nicolae_dithmenos_through_a_glass_darkly,
          nicolae_gozag_seed_capital

Skill      XL: |  1  2  3 |
---------------+----------+-----
Dodging        | 2 |  2.0
Fighting       | |  1.5
Unarmed Combat | |  3.6
Spellcasting   | |  2.2
Transmutations | |  2.9

Action                   || total
-------------------------++-------
Melee: Unarmed           ||   130
       Kick              ||     8
       Tailslap          ||    16
       Headbutt          ||     7
       Punch             ||     1
 Cast: Beastly Appendage ||    25
  Use: Scroll            ||     5
  Eat: Chunk             ||     2
       Ration            ||     1
Armor: Skin              ||    30
Dodge: Dodged            ||    79
